 Dungeon Crawl Stone Soup version 0.32-a0-975-g85d4e5bfdb (webtiles) character file.

Game seed: 10882599441588093023

1130 Maxmaps the Changeling (level 8, -11/62 HPs)
             Began as a Demonspawn Shapeshifter on Apr 19, 2024.
             Mangled by a gnoll bouda
             ... wielding a +0 club
              (12 damage)
             ... on level 5 of the Dungeon.
             The game lasted 00:08:56 (5325 turns).

Maxmaps the Changeling (Demonspawn Shapeshifter)    Turns: 5325, Time: 00:08:57

Health: -11/62     AC:  2    Str: 14    XL:     8   Next: 13%
Magic:  8/8        EV: 13    Int: 12    God:
Gold:   304        SH:  8    Dex: 14    Spells: 7/7 levels left

rFire   . . .        m - +0 trident
rCold   . . .        o - +0 buckler
rNeg    . . .        a - +0 animal skin
rPois   .            (helmet currently unavailable)
rElec   .            (cloak currently unavailable)
rCorr   .            (gloves currently unavailable)
SInv    .            (boots currently unavailable)
Will    .....        (no amulet)
Stlth   +            j - ring of flight
HPRegen 0.30/turn    (no ring)
MPRegen 0.11/turn

%: no passive effects
@: beast-form, weakened, flying
A: beast (slay +3), hooves 2, repulsion field 2, condensation shield
a: Begin Untransformation


You were on level 5 of the Dungeon.
You were a hulking beast.
You visited 1 branch of the dungeon, and saw 5 of its levels.

You collected 304 gold pieces.

Inventory:

Hand Weapons
 m - a +0 trident (weapon)
Armour
 a - a +0 animal skin (worn)
 g - a +2 hat
 n - a +0 cloak
 o - a +0 buckler (worn)
Jewellery
 j - a ring of flight (left hand)
 l - a ring of see invisible
Talismans
 c - a beast talisman (active)
 d - a flux talisman
Wands
 p - a wand of polymorph (2)
Scrolls
 i - 5 scrolls of identify
 q - a scroll of fog
Potions
 e - 2 potions of brilliance
 f - a potion of attraction
 h - a potion of mutation


   Skills:
 - Level 5.0 Fighting
 - Level 3.5 Polearms
 - Level 1.7 Dodging
 + Level 1.7 Shields
 - Level 2.6 Unarmed Combat
 - Level 6.2 Shapeshifting


You had 7 spell levels left.
You didn't know any spells.
Your spell library contained the following spells:

 Spells                   Type           Power      Damage    Failure   Level
 Frozen Ramparts          Ice            0%         1d1       80%         3
 Ozocubu's Armour         Ice            0%         N/A       80%         3
 Metabolic Englaciation   Hex/Ice        0%         N/A       100%        5


Dungeon Overview and Level Annotations

Branches:
Dungeon (5/15)
 Temple: D:4-7

Altars:
Dithmenos
Uskayaw
Beogh

Shops:
D:2 (   D:3 ?=!

Annotations:
D:3 3 runed translucent doors, DrKenneth's ghost, weakling MiFi; markshark's ghost, amateur MiFi; terelglass's ghost, amateur MDFi
D:5 2 transporters


Innate Abilities, Weirdness & Mutations

You are a hulking beast.
Your limbs bulge with bestial killing power. (Slay +3)
You have hoof-like feet.
You are surrounded by a moderate repulsion field. (EV +3)
A meltable shield of frost defends you. (SH +4)


Message History

The gnoll bouda hits you but does no damage.
You hit the gnoll.
The gnoll is moderately wounded.
You feel less wooden.
Your +0 animal skin unmelds from your body.
You turn into a hulking beast.
The gnoll hits you with a +0 spear.
* * * LOW HITPOINT WARNING * * *
The gnoll bouda completely misses you.
You closely miss the gnoll bouda.
You kick the gnoll bouda, but do no damage.
The gnoll completely misses you.
The gnoll bouda barks out a call to the hunt!
The gnoll picks up the pace!
You block the gnoll's attack.
You hit the gnoll bouda but do no damage.
Your kick misses the gnoll bouda.
Your attacks no longer feel as feeble.
The gnoll bouda calls upon its god to heal the gnoll.
The gnoll's wounds heal themselves!
The gnoll hits you with a +0 spear.
* * * LOW HITPOINT WARNING * * *
Okay, then.
Okay, then.
You puncture the gnoll bouda! Your kick misses the gnoll bouda.
The gnoll bouda is moderately wounded.
The gnoll bouda gazes fiercely through you!
You feel your attacks grow feeble. The gnoll bouda barely misses you.
The gnoll misses you. The gnoll bouda closely misses you.
You hit the gnoll bouda but do no damage.
The gnoll bouda is moderately wounded.
The gnoll is no longer moving quickly.
You block the gnoll's attack.
The gnoll bouda gazes fiercely through you!
You feel as though you will be weak longer.
The gnoll bouda barely misses you.
You hit the gnoll bouda. You kick the gnoll bouda.
The gnoll bouda is severely wounded.
The gnoll hits you with a +0 spear.
* * * LOW HITPOINT WARNING * * *
The gnoll bouda hits you with a +0 club!
You die...

##..##.# ..#
##.##..# .#
......## .# #####
....### .# #...#
..)).##
##.####.#.#
..)...#
##..#......#
......#
#..##.#..###
......# #.#...#.##
.....#####.#.###h#
......##.....#ggg#
.........#.###.###
......###..#...#
.....## #.#..###
#...## #.#.## #[##
#......# #.
#........ #
..........


You could see a gnoll bouda and 2 gnolls.

Vanquished Creatures
  Grinder (D:3)
  An ice beast (D:5)
  2 ogres
  A black bear (D:4)
  A hound (D:5)
  4 orc priests
  A jelly (D:5)
  Natasha (thrice) (D:2)
  2 iguanas
  3 orc wizards
  4 adders
  2 gnolls (D:5)
  2 river rats (D:3)
  2 ufetubi (D:4)
  4 dart slugs
  A ribbon worm (D:2)
  19 orcs
  9 endoplasms
  7 giant cockroaches
  7 hobgoblins
  9 jackals
  3 quokkas
  6 ball pythons
  4 bats
  3 frilled lizards
  8 goblins
  8 kobolds
  6 rats
123 creatures vanquished.

Notes
Turn   | Place    | Note
-------+----------+-------------------------------------------
     0 | D:1      | Maxmaps the Demonspawn Shapeshifter began the quest for the
                  | Orb.
     0 | D:1      | Reached XP level 1. HP: 15/15 MP: 1/1
    89 | D:1      | Gained mutation: A meltable shield of frost defends you.
                  | (SH +4) [demonic ancestry]
    89 | D:1      | Reached XP level 2. HP: 19/22 MP: 2/2
   751 | D:1      | Gained mutation: You have large cloven feet. [demonic
                  | ancestry]
   751 | D:1      | Reached XP level 3. HP: 25/29 MP: 3/3
  1064 | D:2      | Found Ryusih's Weapon Shoppe.
  1248 | D:2      | Noticed Natasha
  1257 | D:2      | Killed Natasha
  1258 | D:2      | Gained mutation: You are surrounded by a mild repulsion
                  | field. (EV +2) [demonic ancestry]
  1258 | D:2      | Reached XP level 4. HP: 11/37 MP: 4/4
  1468 | D:2      | Noticed Natasha
  1475 | D:2      | Killed Natasha
  1893 | D:2      | Noticed Natasha
  1907 | D:2      | Killed Natasha
  2026 | D:3      | Found Dumaat's Distillery.
  2186 | D:3      | Found Lyiqoan's Magic Scroll Shoppe.
  2196 | D:3      | Reached skill level 5 in Fighting
  2196 | D:3      | Reached XP level 5. HP: 42/44 MP: 5/5
  2257 | D:3      | Noticed an ogre
  2268 | D:3      | Killed an ogre
  2269 | D:3      | Reached skill level 3 in Shapeshifting
  2392 | D:3      | Found a runed translucent gate.
  2393 | D:3      | Found a runed translucent gate.
  2393 | D:3      | Found a runed translucent gate.
  2393 | D:3      | Noticed markshark's ghost (amateur MiFi)
  2393 | D:3      | Noticed terelglass's ghost (amateur MDFi)
  2393 | D:3      | Noticed DrKenneth's ghost (weakling MiFi)
  2541 | D:3      | Found Xuurino's Jewellery Emporium.
  2817 | D:3      | Found a roughly hewn altar of Beogh.
  2832 | D:3      | Gained mutation: You are surrounded by a moderate repulsion
                  | field. (EV +3) [demonic ancestry]
  2832 | D:3      | Reached XP level 6. HP: 35/51 MP: 6/6
  2839 | D:3      | Reached skill level 4 in Shapeshifting
  3001 | D:3      | Noticed Grinder
  3011 | D:3      | Killed Grinder
  3012 | D:3      | Reached skill level 5 in Shapeshifting
  3012 | D:3      | Reached XP level 7. HP: 56/56 MP: 7/7
  3296 | D:3      | Found a shadowy altar of Dithmenos.
  3646 | D:4      | Found a hide-covered altar of Uskayaw.
  4114 | D:4      | Reached skill level 6 in Shapeshifting
  4248 | D:4      | Reached skill level 1 in Polearms
  4713 | D:5      | Entered Level 5 of the Dungeon
  4780 | D:5      | Found a transporter.
  4988 | D:5      | Gained mutation: You have hoof-like feet. [demonic
                  | ancestry]
  4988 | D:5      | Reached XP level 8. HP: 39/62 MP: 8/8
  5094 | D:5      | Found a transporter.
  5169 | D:5      | Reached skill level 1 in Shields
  5325 | D:5      | HP: 1/62 [gnoll/+0 spear[a gnoll bouda] (4)]
  5325 | D:5      | Mangled by a gnoll bouda

Illustrated notes

Levels and vault maps discovered:
D:1:      lemuel_arrival_tunnels, layout_basic, minmay_pentomino_o4
D:2:      layout_loops_ring, serial_shops, nicolae_shop_scrapyard,
          supply_closet_lemuel, uniq_natasha
D:3:      layout_basic, general_overflow_altar, gammafunk_ghost_cemetery,
          gup_sewer_entry_spiral, serial_shops, shop, shop,
          nicolae_shop_advertising_works [nicolae_subvault_shop_adworks],
          kennysheep_orc_chapel, uniq_grinder
D:4:      minmay_angry_zag, layout_basic, nicolae_overflow_crystal_walls,
          nicolae_underground_beach
D:5:      gammafunk_wand_slinger, layout_rooms, hellmonk_ghost_happy_afterlife

Skill      XL: |  1  2  3  4  5  6  7  8 |
---------------+-------------------------+-----
Fighting       | 2 3 4 5 |  5.0
Shapeshifting  | 3 5 6 |  6.2
Polearms       | 3 |  3.5
Shields        | 1 |  1.7
Dodging        | |  1.7
Unarmed Combat | |  2.6

Action                     |  1- 3 |  4- 6 |  7- 9 || total
---------------------------+-------+-------+-------++-------
  Melee: Unarmed           |   119 |    97 |    63 ||   279
         Kick              |    11 |    18 |    67 ||    96
         Punch             |     1 |     4 |     4 ||     9
         Spear             |       |       |    61 ||    61
         Trident           |       |       |   104 ||   104
    Use: Scroll            |       |     7 |     1 ||     8
         Potion            |       |     3 |     6 ||     9
   Stab: Sleeping          |       |     2 |       ||     2
         Invisible         |       |       |     3 ||     3
 Armour: Animal skin       |    63 |    33 |   126 ||   222
         Skin              |       |     4 |    21 ||    25
  Dodge: Dodged            |    71 |    46 |   181 ||   298
  Block: Other             |    16 |    12 |    34 ||    62
         Buckler           |       |       |    29 ||    29

Table legend: (Time is in decaauts)
 A = Elapsed time spent in this place.
 B = Non-inter-level travel time spent in this place.
 C = Inter-level travel time spent in this place.
 D = Time resting spent in this place.
 E = Time spent auto-exploring this place.
 F = Levels seen in this place.
 G = Mean time per level.
                   A        B        C        D        E       F      G
               +--------+--------+--------+--------+--------+-----+--------+
         Total |   5361 |   5056 |    305 |    738 |   3349 |   5 | 1072.2 |
       Dungeon |   5361 |   5056 |    305 |    738 |   3349 |   5 | 1072.2 |
               +--------+--------+--------+--------+--------+-----+--------+

Top non-repeatable levels by time:
     D:3: 1628 daAuts
     D:4: 1189 daAuts
     D:2: 1022 daAuts
     D:1: 994 daAuts
     D:5: 526 daAuts
